 Dungeon Crawl Stone Soup version 0.23.2-1-ga50397a6bc (webtiles) character file.

Game seed: 10554519807654519942

8734 Engwar the Fighter (level 11, 0/89 HPs)
             Began as a Gnoll Wanderer on May 28, 2019.
             Was a High Priest of Okawaru.
             Slain by a polar bear (23 damage)
             ... on level 1 of the Lair of Beasts on May 29, 2019.
             The game lasted 00:38:28 (11564 turns).

Engwar the Fighter (Gnoll Wanderer)                Turns: 11564, Time: 00:38:30

Health: 0/89       AC: 15    Str: 17    XL:     11   Next: 35%
Magic:  20/20      EV:  8    Int: 15    God:    Okawaru [*****.]
Gold:   285        SH:  5    Dex: 15    Spells: 14/22 levels left

rFire    . . .     SeeInvis .   p - +9 mace "Q" {crush, +Fly}
rCold    . . .     Gourm    .   (no shield)
rNeg     . . .     Faith    .   a - +0 plate armour
rPois    +         Spirit   .   (no helmet)
rElec    .         Reflect  +   y - +1 cloak (curse)
rCorr    .         Harm     .   (no gloves)
MR       .....                  (no boots)
Stlth    ..........             I - +5 amulet of reflection
HPRegen  0.24/turn              j - ring of poison resistance
MPRegen  0.17/turn              (no ring)

@: no status effects
A: distributed training, fangs 1, strong nose
a: Heroism, Finesse, Renounce Religion, Evoke Flight


You were on level 1 of the Lair of Beasts.
You worshipped Okawaru.
Okawaru was extremely pleased with you.
You were not hungry.

You visited 2 branches of the dungeon, and saw 11 of its levels.
You also visited: Sewer.

You collected 533 gold pieces.
You spent 248 gold pieces at shops.

Inventory:

Hand Weapons
 p - the +9 mace "Q" (weapon) {crush, +Fly}
   (You bought it in a shop on level 10 of the Dungeon)

   It inflicts extra damage upon your enemies.
   It lets you fly.
 L - a +0 blowgun
Missiles
 c - 3 poisoned tomahawks
 k - 7 tomahawks (quivered)
 E - 10 needles of sleeping
 K - 52 poisoned needles
Armour
 a - a +0 plate armour (worn)
 d - a +0 robe
 i - a +0 chain mail
 y - a cursed +1 cloak (worn)
Jewellery
 j - a ring of poison resistance (left hand)
 m - a +2 ring of intelligence
 I - a +5 amulet of reflection (around neck)
Wands
 q - a wand of iceblast (4)
 z - a wand of flame (27)
Scrolls
 f - 5 scrolls of magic mapping
 g - a scroll of enchant weapon
 t - a scroll of blinking {unknown}
 u - 2 scrolls of remove curse {unknown}
 v - 2 scrolls of amnesia
 w - 6 scrolls of teleportation
 x - 2 scrolls of enchant armour
 D - a scroll of noise {unknown}
 H - 2 scrolls of immolation {unknown}
 M - a scroll of fog {unknown}
 N - a scroll of identify
 Q - a scroll of holy word {unknown}
Potions
 b - a potion of lignification
 e - 2 potions of agility
 h - a potion of ambrosia
 l - a potion of cancellation
 n - 5 potions of heal wounds
 o - 3 potions of might
 r - 3 potions of mutation
 A - 5 potions of flight
 B - a potion of invisibility
 C - 3 potions of haste
 F - a potion of berserk rage {unknown}
 G - a potion of resistance {unknown}
 J - 3 potions of curing
 P - a potion of brilliance {unknown}
Miscellaneous
 O - a phantom mirror
Comestibles
 s - 13 rations
 R - 4 chunks of flesh


   Skills:
 + Level 9.0 Fighting
 + Level 6.1 Short Blades
 + Level 6.1 Long Blades
 + Level 6.1 Axes
 + Level 6.1 Maces & Flails
 + Level 6.7 Polearms
 + Level 6.7 Staves
 + Level 6.1 Slings
 + Level 6.1 Bows
 + Level 6.1 Crossbows
 + Level 6.7 Throwing
 + Level 6.1 Armour
 + Level 6.7 Dodging
 + Level 7.5 Stealth
 + Level 6.7 Shields
 + Level 6.1 Unarmed Combat
 + Level 6.1 Spellcasting
 + Level 5.0 Conjurations
 + Level 5.0 Hexes
 + Level 5.0 Charms
 + Level 5.0 Summonings
 + Level 5.0 Necromancy
 + Level 5.0 Translocations
 + Level 5.0 Transmutations
 + Level 5.0 Fire Magic
 + Level 5.0 Ice Magic
 + Level 5.0 Air Magic
 + Level 5.0 Earth Magic
 + Level 5.0 Poison Magic
 + Level 6.7 Invocations
 + Level 6.1 Evocations


You had 14 spell levels left.
You knew the following spells:

 Your Spells              Type           Power        Failure   Level  Hunger
a - Regeneration          Chrm/Necr      ###.......   90%         3    ##.....
b - Corona                Hex            ###....      56%         1    None
c - Magic Dart            Conj           ###.         56%         1    None
d - Blink                 Tloc           N/A          71%         2    #......
e - Apportation           Tloc           ###...       56%         1    None

Your spell library contained the following spells:

 Spells                   Type           Power        Failure   Level  Hunger
 Animate Skeleton         Necr           N/A          56%         1    None
 Confusing Touch          Hex            ###...       56%         1    None
 Pain                     Necr           ###.         56%         1    None
 Summon Small Mammal      Summ           ###.         56%         1    None
 Call Imp                 Summ           ###.....     71%         2    #......
 Ensorcelled Hibernation  Hex/Ice        ###...       71%         2    #......
 Slow                     Hex            ###.....     71%         2    #......
 Confuse                  Hex            ###.....     90%         3    ##.....
 Conjure Flame            Conj/Fire      ###.....     90%         3    ##.....
 Dazzling Spray           Conj/Hex       ###...       90%         3    ##.....
 Mephitic Cloud           Conj/Pois/Air  ###.....     90%         3    ##.....
 Tukima's Dance           Hex            ###.....     90%         3    ##.....
 Vampiric Draining        Necr           ###.......   90%         3    ##.....
 Animate Dead             Necr           N/A          100%        4    ####...


Dungeon Overview and Level Annotations

Branches:
Dungeon (10/15)            Temple (0/1) D:6            Lair (1/6) D:9
    Orc: D:9-12

Altars:
Cheibriados
Elyvilon
Gozag
Kikubaaqudgha
Makhleb
Okawaru
Qazlal
Ru
Trog
Uskayaw
Wu Jian
Yredelemnul
Zin
The Shining One

Shops:
D:4 *   D:6 :   D:10 (%(:[


Innate Abilities, Weirdness & Mutations

Your experience applies equally to all skills.
You have very sharp teeth.
Your uncanny sense of smell can sniff out nearby items.


Message History

The polar bear goes berserk!
You hit the polar bear. Your bite misses the polar bear.
The polar bear is almost dead.
The polar bear barely misses you. You block the polar bear's attack.
The polar bear claws you but does no damage.
You hit the polar bear.
The polar bear is almost dead.
The polar bear bites you! The polar bear barely misses you.
You block the polar bear's attack. The polar bear bites you!!
* * * LOW HITPOINT WARNING * * *
The polar bear claws you but does no damage. x2
Unknown command.
Unknown command.
You hit the polar bear.
The polar bear is almost dead.
The polar bear bites you.
* * * LOW HITPOINT WARNING * * *
The polar bear closely misses you. The polar bear misses you.
The polar bear bites you!!
You die...

.... #..#### ....## ###
..........
#...###.###........
#.................
#(..........##..#
#...........#..##
#.P..........#..## .#.
##.......h@......P#
....$#......+#..†<÷.≈..#
.....$.....#...≈.≈≈≈≈≈≈.#
#....##....#.≈≈≈≈≈≈≈≈≈≈.#
##.. #P...#.≈≈≈≈≈≈≈≈≈≈.#
∆# #.P....≈≈≈≈≈≈≈≈≈.## ∆
##......≈≈≈≈≈≈≈.... ∆
#...##..≈≈≈≈≈....##
#.................


You could see a polar bear (berserk).

Vanquished Creatures
  A two-headed ogre (D:8)
  A cyclops (D:10)
  A komodo dragon (D:9)
  Grinder (D:4)
  3 polar bears (D:9)
  A hippogriff (D:9)
  4 yaks (D:9)
  Eustachio (D:5)
  2 wyverns (D:10)
  A human (D:7)
  4 hogs (D:7)
  2 hungry ghosts
  Menkaure (D:7)
  2 water moccasins
  5 ice beasts
  2 sky beasts
  2 black bears (Lair:1)
  A necrophage (D:6)
  6 ogres
  3 crocodiles (Lair:1)
  A big kobold (D:7)
  4 bullfrogs
  A gnoll sergeant (D:8)
  4 killer bees (D:9)
  4 scorpions
  9 howler monkeys
  2 bullfrog zombies (D:5)
  A centaur zombie (D:6)
  6 crimson imps
  4 hounds
  3 jellies
  2 orc priests
  9 orc wizards
  4 iguanas
  Terence (D:3)
  Jessica (D:3)
  Ijyb (D:3)
  6 worker ants
  A hound skeleton (D:7)
  3 gnolls (D:8)
  15 adders
  3 shadow imps
  3 oozes
  3 adder skeletons
  4 worms (D:2)
  8 leopard geckos
  28 orcs
  3 ball pythons
  4 giant cockroaches
  7 goblins
  8 hobgoblins
  12 jackals
  2 quokkas
  A ball python zombie (D:6)
  12 bats
  2 frilled lizards (Sewer)
  A jackal skeleton (D:5)
  11 kobolds
  2 leopard gecko skeletons
  A leopard gecko zombie (D:5)
  2 quokka skeletons
  9 rats
252 creatures vanquished.

Vanquished Creatures (others)
  2 plants (D:9)
2 creatures vanquished.

Grand Total: 254 creatures vanquished

Notes
Turn   | Place    | Note
-------+----------+-------------------------------------------
     0 | D:1      | Engwar the Gnoll Wanderer began the quest for the Orb.
     0 | D:1      | Engwar set off with the following items: a +2 spear, a
                  | potion of lignification, a potion of curing, a +0 robe, a
                  | +0 dagger, a ration
     0 | D:1      | Reached XP level 1. HP: 23/23 MP: 1/1
   525 | D:1      | You fall through a shaft!
   527 | D:2      | Reached XP level 2. HP: 29/29 MP: 2/2
   959 | D:2      | Reached XP level 3. HP: 24/35 MP: 3/3
  1300 | D:2      | Reached skill level 1 in Invocations
  1326 | D:2      | Found a basalt altar of Yredelemnul.
  1329 | D:2      | Found an opulent altar of Gozag.
  1332 | D:2      | Found an iron altar of Okawaru.
  1337 | D:2      | Became a worshipper of Warmaster Okawaru
  1687 | D:2      | Noticed a moth of wrath
  1690 | D:2      | Found a bloodstained altar of Trog.
  1728 | D:2      | Reached skill level 1 in Short Blades
  1728 | D:2      | Reached skill level 1 in Long Blades
  1728 | D:2      | Reached skill level 1 in Axes
  1728 | D:2      | Reached skill level 1 in Maces & Flails
  1728 | D:2      | Reached skill level 1 in Slings
  1728 | D:2      | Reached skill level 1 in Bows
  1728 | D:2      | Reached skill level 1 in Crossbows
  1728 | D:2      | Reached skill level 1 in Armour
  1728 | D:2      | Reached skill level 1 in Unarmed Combat
  1728 | D:2      | Reached skill level 1 in Spellcasting
  1728 | D:2      | Reached skill level 1 in Evocations
  1731 | D:2      | Reached XP level 4. HP: 15/41 MP: 5/5
  2146 | D:3      | Noticed Ijyb
  2164 | D:3      | Killed Ijyb
  2174 | D:3      | Reached skill level 1 in Conjurations
  2174 | D:3      | Reached skill level 1 in Hexes
  2174 | D:3      | Reached skill level 1 in Charms
  2174 | D:3      | Reached skill level 1 in Summonings
  2174 | D:3      | Reached skill level 1 in Necromancy
  2174 | D:3      | Reached skill level 1 in Translocations
  2174 | D:3      | Reached skill level 1 in Transmutations
  2174 | D:3      | Reached skill level 1 in Fire Magic
  2174 | D:3      | Reached skill level 1 in Ice Magic
  2174 | D:3      | Reached skill level 1 in Air Magic
  2174 | D:3      | Reached skill level 1 in Earth Magic
  2174 | D:3      | Reached skill level 1 in Poison Magic
  2252 | D:3      | Noticed Terence
  2257 | D:3      | Killed Terence
  2257 | D:3      | Reached XP level 5. HP: 43/47 MP: 5/7
  2448 | D:3      | Noticed Jessica
  2451 | D:3      | Killed Jessica
  2563 | D:3      | Reached XP level 6. HP: 52/53 MP: 8/8
  3086 | D:4      | Noticed Grinder
  3097 | D:4      | Paralysed by Grinder for 4 turns
  3109 | D:4      | Killed Grinder
  3109 | D:4      | Reached * piety under Okawaru
  3109 | D:4      | Reached XP level 7. HP: 6/59 MP: 8/10
  3259 | D:4      | Reached skill level 7 in Fighting
  3260 | D:4      | Found a glowing drain.
  3308 | Sewer    | Entered a sewer
  3988 | D:4      | Found Puas's General Store.
  3994 | D:4      | Noticed a +0 hand axe
  3994 | D:4      | Noticed a +0 dagger
  3997 | D:4      | Found a hide-covered altar of Uskayaw.
  4143 | D:5      | Entered Level 5 of the Dungeon
  4205 | D:5      | Reached skill level 5 in Stealth
  4319 | D:5      | Reached ** piety under Okawaru
  4341 | D:5      | Noticed Eustachio
  4353 | D:5      | Killed Eustachio
  4353 | D:5      | Reached XP level 8. HP: 65/67 MP: 10/12
  5017 | D:6      | Reached *** piety under Okawaru
  5042 | D:6      | Reached XP level 9. HP: 40/72 MP: 14/14
  5644 | D:6      | Found Ocyxoliyty's Book Emporium.
  5716 | D:6      | Received a gift from Okawaru
  5751 | D:6      | Found a staircase to the Ecumenical Temple.
  6113 | D:6      | Reached skill level 5 in Polearms
  6113 | D:6      | Reached skill level 5 in Staves
  6113 | D:6      | Reached skill level 5 in Throwing
  6113 | D:6      | Reached skill level 5 in Dodging
  6113 | D:6      | Reached skill level 5 in Shields
  6151 | D:7      | Received a gift from Okawaru
  6405 | D:7      | Reached skill level 8 in Fighting
  6511 | D:7      | Noticed Menkaure
  6530 | D:7      | Killed Menkaure
  6530 | D:7      | Reached skill level 5 in Invocations
  6848 | D:7      | Reached XP level 10. HP: 46/80 MP: 15/17
  6871 | D:7      | Reached **** piety under Okawaru
  7271 | D:7      | Found a burning altar of Makhleb.
  7454 | D:7      | Reached skill level 5 in Short Blades
  7454 | D:7      | Reached skill level 5 in Long Blades
  7454 | D:7      | Reached skill level 5 in Axes
  7454 | D:7      | Reached skill level 5 in Maces & Flails
  7454 | D:7      | Reached skill level 5 in Slings
  7454 | D:7      | Reached skill level 5 in Bows
  7454 | D:7      | Reached skill level 5 in Crossbows
  7454 | D:7      | Reached skill level 5 in Armour
  7454 | D:7      | Reached skill level 5 in Unarmed Combat
  7454 | D:7      | Reached skill level 5 in Spellcasting
  7454 | D:7      | Reached skill level 5 in Evocations
  7532 | D:7      | Learned a level 3 spell: Regeneration
  7534 | D:7      | Learned a level 1 spell: Corona
  7623 | D:7      | Found a white marble altar of Elyvilon.
  8022 | D:8      | Found a snail-covered altar of Cheibriados.
  8044 | D:8      | Noticed a two-headed ogre
  8053 | D:8      | Killed a two-headed ogre
  9048 | D:9      | Reached ***** piety under Okawaru
  9105 | D:9      | Received a gift from Okawaru
  9271 | D:9      | Found a snail-covered altar of Cheibriados.
  9276 | D:9      | Found a glowing silver altar of Zin.
  9279 | D:9      | Found a sacrificial altar of Ru.
  9281 | D:9      | Found a glowing golden altar of the Shining One.
  9281 | D:9      | Found an ancient bone altar of Kikubaaqudgha.
  9283 | D:9      | Found an ornate altar of the Wu Jian Council.
  9283 | D:9      | Found a stormy altar of Qazlal.
  9810 | D:9      | Found a staircase to the Lair.
  9829 | D:9      | Reached XP level 11. HP: 39/87 MP: 17/19
 10090 | D:10     | Entered Level 10 of the Dungeon
 10121 | D:10     | Found Netec's Book Shoppe.
 10125 | D:10     | Noticed a cyclops
 10157 | D:10     | Killed a cyclops
 10401 | D:10     | Reached skill level 9 in Fighting
 10455 | D:10     | Found Lexkeeb's Food Boutique.
 10460 | D:10     | Found Keewkod's Antique Weapon Shop.
 10478 | D:10     | Bought a jewelled mace for 248 gold pieces
 10478 | D:10     | Identified the +9 mace "Q" {crush, +Fly} (You bought it in
                  | a shop on level 10 of the Dungeon)
 10560 | D:10     | Found Ufialuet's Antique Armour Shop.
 10594 | D:10     | Learned a level 1 spell: Magic Dart
 10597 | D:10     | Learned a level 2 spell: Blink
 10599 | D:10     | Learned a level 1 spell: Apportation
 10669 | D:10     | Found Tebryluq's Antique Weapon Shoppe.
 10832 | Lair:1   | Entered Level 1 of the Lair of Beasts
 10871 | D:9      | Reached skill level 5 in Conjurations
 10871 | D:9      | Reached skill level 5 in Hexes
 10871 | D:9      | Reached skill level 5 in Charms
 10871 | D:9      | Reached skill level 5 in Summonings
 10871 | D:9      | Reached skill level 5 in Necromancy
 10871 | D:9      | Reached skill level 5 in Translocations
 10871 | D:9      | Reached skill level 5 in Transmutations
 10871 | D:9      | Reached skill level 5 in Fire Magic
 10871 | D:9      | Reached skill level 5 in Ice Magic
 10871 | D:9      | Reached skill level 5 in Air Magic
 10871 | D:9      | Reached skill level 5 in Earth Magic
 10871 | D:9      | Reached skill level 5 in Poison Magic
 10876 | Lair:1   | Received a gift from Okawaru
 11024 | D:9      | HP: 3/89 [polar bear (20)]
 11024 | D:9      | HP: 1/89 [polar bear (2)]
 11564 | Lair:1   | Slain by a polar bear

Skill      XL: |  1  2  3  4  5  6  7  8  9 10 11 |
---------------+----------------------------------+-----
Invocations    | 1 2 3 4 5 6 |  6.7
Short Blades   | 1 2 3 4 5 6 |  6.1
Long Blades    | 1 2 3 4 5 6 |  6.1
Axes           | 1 2 3 4 5 6 |  6.1
Maces & Flails | 1 2 3 4 5 6 |  6.1
Slings         | 1 2 3 4 5 6 |  6.1
Bows           | 1 2 3 4 5 6 |  6.1
Crossbows      | 1 2 3 4 5 6 |  6.1
Armour         | 1 2 3 4 5 6 |  6.1
Unarmed Combat | 1 2 3 4 5 6 |  6.1
Spellcasting   | 1 2 3 4 5 6 |  6.1
Evocations     | 1 2 3 4 5 6 |  6.1
Conjurations   | 1 2 3 4 5 |  5.0
Hexes          | 1 2 3 4 5 |  5.0
Charms         | 1 2 3 4 5 |  5.0
Summonings     | 1 2 3 4 5 |  5.0
Necromancy     | 1 2 3 4 5 |  5.0
Translocations | 1 2 3 4 5 |  5.0
Transmutations | 1 2 3 4 5 |  5.0
Fire Magic     | 1 2 3 4 5 |  5.0
Ice Magic      | 1 2 3 4 5 |  5.0
Air Magic      | 1 2 3 4 5 |  5.0
Earth Magic    | 1 2 3 4 5 |  5.0
Poison Magic   | 1 2 3 4 5 |  5.0
Polearms       | 3 4 5 6 |  6.7
Staves         | 3 4 5 6 |  6.7
Throwing       | 3 4 5 6 |  6.7
Dodging        | 3 4 5 6 |  6.7
Shields        | 3 4 5 6 |  6.7
Fighting       | 7 8 9 |  9.0
Stealth        | 5 6 7 |  7.5

Action                   |  1- 3 |  4- 6 |  7- 9 | 10-12 || total
-------------------------+-------+-------+-------+-------++-------
Melee: Spear             |   115 |    69 |       |       ||   184
       Bite              |    12 |    13 |    54 |    64 ||   143
       Flail             |       |    82 |   466 |   355 ||   903
       Punch             |       |       |     6 |    11 ||    17
       Mace              |       |       |       |    67 ||    67
 Fire: Blowgun           |       |       |     1 |       ||     1
Throw: Tomahawk          |     6 |     2 |     4 |       ||    12
Invok: Heroism           |       |       |     2 |     7 ||     9
Evoke: Wand              |       |     8 |     3 |       ||    11
  Use: Scroll            |       |     5 |     4 |     7 ||    16
       Potion            |       |       |     1 |     3 ||     4
 Stab: Sleeping          |     1 |       |       |       ||     1
  Eat: Chunk             |     1 |     3 |     8 |    15 ||    27
       Ration            |     1 |       |     4 |       ||     5
Armor: Chain mail        |    44 |    86 |   342 |       ||   472
       Plate armour      |       |       |    47 |   262 ||   309
Dodge: Dodged            |    35 |    52 |   257 |   188 ||   532
Block: Other             |       |       |    76 |    94 ||   170
       Reflection        |       |       |     3 |       ||     3
